 Dungeon Crawl Stone Soup version 0.19.4-9-g45fd643 (webtiles) character file.

379 Maelstr0m the Shield-Bearer (level 7, -4/55 HPs)
             Began as a Formicid Fighter on Feb 22, 2017.
             Killed by Freeze
             ... invoked by oplop's ghost
              (6 damage)
             ... on level 4 of the Dungeon.
             The game lasted 00:09:35 (2682 turns).

Maelstr0m the Shield-Bearer (Formicid Fighter)      Turns: 2682, Time: 00:09:36

Health: -4/55      AC:  7    Str: 22    XL:     7   Next: 4%
Magic:  16/16      EV:  8    Int:  7    God:
Gold:   189        SH: 10    Dex: 11    Spells: 0 memorised, 6 levels left

rFire  . . .     SeeInvis +     a - +0 war axe
rCold  . . .     Gourm    .     b - +0 scale mail
rNeg   . . .     Faith    .     c - +0 shield
rPois  .         Spirit   .     (helmet unavailable)
rElec  .         Reflect  .     (no cloak)
rCorr  .         Harm     .     (no gloves)
MR     .....                    (no boots)
Stlth  ..........               (no amulet)
                                (no ring)
                                q - ring of magical power

@: no status effects
A: permanent stasis, dig shafts and tunnels, four strong arms, antennae 3
a: Dig, Shaft Self


You were on level 4 of the Dungeon.
You were hungry.

You visited 1 branch of the dungeon, and saw 4 of its levels.

You collected 189 gold pieces.

Inventory:

Hand Weapons
 a - a +0 war axe (weapon)
Missiles
 j - 17 tomahawks (quivered)
Armour
 b - a +0 scale mail (worn)
 c - a +0 shield (worn)
 k - a +0 plate armour
Jewellery
 q - a ring of magical power (left hand)
Scrolls
 g - 2 scrolls of remove curse {unknown}
 h - a scroll of teleportation {unknown}
 i - a scroll of fog {unknown}
 m - a scroll of enchant weapon {unknown}
 n - 3 scrolls of amnesia {unknown}
 r - a scroll of recharging {unknown}
 w - 3 scrolls of identify {unknown}
Potions
 d - 2 potions of might
 e - a potion of ambrosia {unknown}
 l - a potion of haste
 s - a potion of agility {unknown}
 t - a potion of curing {unknown}
 u - a potion of invisibility {unknown}
 v - a potion of berserk rage {unknown}
 A - 2 potions of lignification {unknown}
 B - a potion of heal wounds {unknown}
Comestibles
 f - 2 bread rations
 o - 4 fruits
 p - a meat ration
 x - 2 slices of pizza


   Skills:
 - Level 4.4 Fighting
 * Level 4.6 Axes
 + Level 0.4 Throwing
 + Level 4.5 Armour
 + Level 5.1 Shields


You had 6 spell levels left.
You didn't know any spells.

Dungeon Overview and Level Annotations

Branches:
Dungeon (4/15)
 Temple: D:4-7

Altars:
Trog

Annotations:
D:4 oplop's ghost, amateur OpIE


Innate Abilities, Weirdness & Mutations

You are under a permanent stasis effect.
You can dig through walls and to a lower floor.
Your four strong arms can wield two-handed weapons with a shield.
You have a pair of large antennae on your head. (SInv)


Message History

Oplop's ghost is severely damaged.
Oplop's ghost casts a spell at you.
You are frozen.
* * * LOW HITPOINT WARNING * * *
You hit oplop's ghost.
Oplop's ghost is almost destroyed.
Oplop's ghost hits you but does no damage.
You closely miss oplop's ghost.
Oplop's ghost is almost destroyed.
You are feeling hungry.
You block oplop's ghost's attack. Oplop's ghost barely misses you.
You closely miss oplop's ghost.
Oplop's ghost is almost destroyed.
Oplop's ghost stares at you and mumbles some strange words.
You are frozen.
* * * LOW HITPOINT WARNING * * *
It was a potion of haste.
Your stasis keeps you stable.
Oplop's ghost stares at you and mumbles some strange words.
You are frozen.
You die...

# . #. #.
##+##'#
#......#####
#.....W....#
#..[.?.@##
#.......<#
#....%...#
#[.....###
###....
##..# #..
#.. #.


You could see oplop's ghost.

Vanquished Creatures
  A scorpion (D:3)
  2 orc priests (D:3)
  Ijyb (D:3)
  Terence (D:2)
  2 orc wizards (D:3)
  5 adders
  An ooze (D:2)
  5 worms
  2 dart slugs
  3 leopard geckos
  11 orcs (D:3)
  8 bats
  4 giant cockroaches
  5 goblins
  10 hobgoblins
  10 jackals (D:3)
  2 quokkas
  A ball python (D:1)
  2 frilled lizards (D:1)
  5 kobolds
  13 rats
94 creatures vanquished.

Notes
Turn   | Place    | Note
-------+----------+-------------------------------------------
     0 | D:1      | Maelstr0m the Formicid Fighter began the quest for the Orb.
     0 | D:1      | Reached XP level 1. HP: 18/18 MP: 1/1
   104 | D:1      | Reached XP level 2. HP: 20/24 MP: 2/2
   491 | D:1      | Reached skill level 4 in Shields
   606 | D:1      | Reached XP level 3. HP: 28/29 MP: 3/3
  1010 | D:2      | Noticed Terence
  1017 | D:2      | Killed Terence
  1017 | D:2      | Reached XP level 4. HP: 34/35 MP: 4/4
  1537 | D:3      | Reached XP level 5. HP: 21/42 MP: 5/5
  1547 | D:3      | Reached XP level 6. HP: 8/48 MP: 6/6
  1726 | D:3      | Found a bloodstained altar of Trog.
  1915 | D:3      | Noticed Ijyb
  1930 | D:3      | Killed Ijyb
  1930 | D:3      | Reached skill level 5 in Shields
  2478 | D:3      | Reached XP level 7. HP: 50/55 MP: 7/7
  2662 | D:4      | Noticed oplop's ghost (amateur OpIE)
  2681 | D:4      | HP: 2/55 [oplop's ghost/Freeze (10)]
  2682 | D:4      | Killed from afar by oplop's ghost

Skill      XL: |  1  2  3  4  5  6 |
---------------+-------------------+-----
Shields        | 4 5 |  5.1
Axes           | 3 4 |  4.6
Armour         | 4 |  4.5
Fighting       | 4 |  4.4
Throwing       | |  0.4

Action                   |  1- 3 |  4- 6 |  7- 9 || total
-------------------------+-------+-------+-------++-------
Melee: War axe           |   122 |   174 |    34 ||   330
Throw: Tomahawk          |       |     3 |       ||     3
  Use: Potion            |       |       |     1 ||     1
  Eat: Chunk             |       |     6 |       ||     6
Armor: Scale mail        |    70 |    76 |     8 ||   154
Dodge: Dodged            |    44 |    61 |     5 ||   110
Block: Shield            |    96 |    98 |    14 ||   208
